Map: Pillars of Gold LE

Players

MrRoschar - Winner!

  • Race: Protoss Protoss
  • League: Diamond
  • Spawn Location: 7:00

Varum

  • Race: Zerg Zerg
  • League: Gold
  • Spawn Location: 1:00

VOD

Have the link to the VOD?

Description

Time

  • Played on: Dec. 25, 2020, 3:10 p.m.
  • Length: 17:10
Show
View Real Time Build Order
Export as new Build Order

MrRoschar Protoss - Winner!

Build Orders: 1 Gate Expand, Oracle Opening 

Get SALT Encoding   

  12  0:01  Probe (Chrono Boost)  
  13  0:13  Probe (Chrono Boost)  
  14  0:19  Probe (Chrono Boost)  
  15  0:30  Pylon  
  15  0:42  Assimilator  
  15  0:48  Probe  
  16  0:51  Gateway  
  16  1:00  Probe (Chrono Boost)  
  16  1:03  Gateway  
  18  1:12  Probe (Chrono Boost)  
  18  1:17  Probe (Chrono Boost)  
  18  1:23  Assimilator  
  19  1:27  Probe  
  20  1:42  Nexus  
  20  2:00  Cybernetics Core  
  20  2:04  Zealot  
  20  2:06  Probe (Chrono Boost)  
  23  2:21  Pylon  
  23  2:31  Pylon  
  23  2:37  Gateway  
  23  2:39  Probe  
  24  2:48  Shield Battery  
  24  2:51  Probe  
  25  2:59  Probe  
  25  3:01  Warp Gate (Chrono Boost)  
  25  3:03  Probe  
  27  3:13  Stargate  
  27  3:14  Probe (Chrono Boost)  
  29  3:22  Probe (Chrono Boost)  
  29  3:24  Stalker  
  31  3:28  Probe (Chrono Boost)  
  32  3:35  Probe  
  32  3:39  Probe  
  34  3:47  Probe  
  35  3:51  Probe  
  36  3:56  Oracle (Chrono Boost)  
  36  4:00  Probe  
  40  4:03  Probe  
  40  4:05  Assimilator  
  40  4:09  Assimilator  
  41  4:13  Probe  
  41  4:15  Probe  
  43  4:19  Twilight Council  
  43  4:28  Probe  
  43  4:29  Probe, Oracle (Chrono Boost)  
  48  4:40  Probe  
  48  4:41  Probe  
  48  4:44  Robotics Facility  
  50  4:52  Probe  
  51  4:53  Probe  
  52  5:02  Nexus  
  52  5:13  Probe  
  52  5:14  Probe  
  54  5:21  Pylon  
  54  5:24  Pylon  
  54  5:33  Void Ray  
  52  5:57  Immortal (Chrono Boost)  
  52  5:58  Probe x2  
  58  6:06  Blink (Chrono Boost)  
  58  6:10  Probe  
  58  6:11  Probe  
  60  6:17  Pylon  
  60  6:18  Pylon  
  60  6:21  Pylon  
  60  6:27  Gateway  
  60  6:28  Gateway  
  60  6:32  Gateway  
  60  6:39  Gateway, Forge  
  60  6:40  Gateway  
  60  6:41  Gateway  
  60  6:43  Shield Battery  
  60  6:45  Shield Battery  
  60  6:55  Probe x2  
  60  6:56  Probe  
  60  6:59  Stalker x2  
  67  7:02  Observer (Chrono Boost)  
  67  7:07  Protoss Shields Level 1 (Chrono Boost)  
  68  7:10  Assimilator  
  68  7:14  Assimilator  
  68  7:28  Robotics Facility  
  68  7:29  Immortal  
  69  7:30  Probe x3  
  69  7:34  Stalker x3  
  69  7:35  Stalker x2  
  81  7:42  Probe x2  
  87  7:56  Pylon  
  87  7:58  Pylon  
  87  8:04  Charge (Chrono Boost)  
  87  8:05  Stalker x3  
  91  8:06  Stalker x4  
  101  8:14  Probe x2  
  103  8:20  Zealot  
  105  8:31  Templar Archives  
  105  9:01  Protoss Ground Armor Level 1  
  105  9:04  Probe  
  105  9:05  Probe x2  
  105  9:06  Immortal x2  
  112  9:28  Zealot x3, Psionic Storm  
  112  9:29  Zealot  
  112  9:30  High Templar x2  
  124  9:35  Pylon  
  124  9:36  Pylon  
  124  9:38  Pylon  
  124  9:40  Pylon  
  124  9:49  Robotics Bay  
  124  10:05  Nexus  
  124  10:16  Probe x2  
  126  10:23  Pylon  
  126  10:27  Gateway  
  126  10:28  Gateway  
  126  10:29  Gateway  
  126  10:30  Pylon  
  126  10:33  Gateway  
  126  10:35  Gateway  
  126  10:36  Colossus (Chrono Boost)  
  126  10:37  Gateway  
  126  10:38  Pylon  
  126  10:40  Extended Thermal Lance (Chrono Boost)  
  126  10:41  Pylon  
  138  10:46  Colossus (Chrono Boost)  
  138  11:01  Photon Cannon  
  138  11:04  Photon Cannon  
  138  11:05  Photon Cannon  
  138  11:08  Photon Cannon  
  138  11:09  Shield Battery  
  137  11:12  Shield Battery  
  137  11:13  Shield Battery  
  137  11:17  High Templar  
  137  11:18  High Templar  
  141  11:19  High Templar x2  
  141  11:23  Immortal  
  149  11:29  Nexus  
  149  11:33  Immortal  
  149  11:35  Fleet Beacon  
  153  11:44  Probe  
  153  11:45  Probe x2  
  156  11:59  Stalker x3  
  156  12:00  Stalker  
  164  12:09  Protoss Shields Level 2  
  164  12:15  Forge  
  164  12:22  Probe, Carrier  
  171  12:23  Probe x3  
  171  12:26  Zealot  
  171  12:27  Zealot x6  
  188  12:36  Pylon  
  188  12:37  Pylon  
  188  12:38  Assimilator  
  188  12:39  Pylon  
  188  12:43  Assimilator  
  188  12:50  Stalker x4  
  188  12:51  Stalker x2  
  164  13:16  Stalker  
  164  13:17  Stalker x4  
  164  13:18  Stalker x5  
  143  14:32  Stalker x3  
  143  14:33  Stalker x4  
  143  14:34  Stalker x4  
  143  14:35  Stalker x3  
  97  15:23  Stalker x3  
  97  15:24  Stalker x5  
  97  15:25  Stalker x6  
  125  15:55  Stalker x2  
  125  15:56  Stalker x6  
  141  15:57  Stalker x3  
  141  15:58  Stalker  
  149  16:15  Stalker x2  
  152  16:36  Stalker  
  152  16:37  Stalker x3  
  152  16:38  Stalker x3  
  152  16:39  Stalker x2  
  170  16:40  Stalker x2  
Show
View Real Time Build Order
Export as new Build Order

Varum Zerg 

Build Orders: Hatch First, Brood Lord Corruptor, Roach Hydra 

Get SALT Encoding   

  12  0:00  Drone  
  13  0:12  Overlord  
  13  0:18  Drone  
  14  0:33  Drone  
  14  0:34  Drone  
  16  0:44  Drone  
  17  0:54  Hatchery  
  17  0:56  Drone  
  17  0:59  Extractor  
  17  1:01  Drone  
  17  1:17  Spawning Pool  
  16  1:20  Drone  
  16  1:25  Drone  
  18  1:28  Drone  
  19  1:38  Overlord  
  19  1:59  Drone  
  20  2:04  Metabolic Boost  
  20  2:08  Queen x2  
  22  2:12  Zergling x2  
  22  2:14  Zergling x2  
  26  2:23  Drone x3  
  26  2:29  Overlord  
  29  2:49  Queen x2  
  29  2:51  Drone x2  
  35  2:59  Drone x2  
  37  3:11  Hatchery  
  36  3:15  Drone x2  
  38  3:20  Overlord  
  38  3:38  Drone  
  38  3:39  Drone x7  
  46  3:48  Extractor  
  46  3:52  Extractor  
  46  3:53  Drone x2  
  46  4:03  Extractor  
  46  4:05  Drone  
  46  4:13  Evolution Chamber  
  46  4:15  Roach Warren  
  44  4:22  Drone x3  
  44  4:24  Drone x4  
  48  4:30  Drone  
  52  4:38  Lair  
  52  4:39  Drone x3  
  55  4:45  Zerg Missile Weapons Level 1  
  55  4:49  Queen  
  57  5:01  Drone  
  57  5:03  Evolution Chamber  
  57  5:04  Overlord x3  
  57  5:31  Spore Crawler  
  57  5:32  Spore Crawler  
  53  5:36  Spore Crawler  
  41  5:58  Drone x3  
  41  5:59  Drone x15  
  59  6:13  Overlord  
  59  6:14  Hydralisk Den, Overlord  
  59  6:16  Glial Reconstitution  
  58  6:19  Zerg Ground Armor Level 1  
  58  6:29  Drone x9  
  67  6:54  Lair  
  67  7:01  Drone x2, Extractor x2  
  67  7:02  Drone x3  
  70  7:09  Zerg Missile Weapons Level 2  
  70  7:11  Overlord x4  
  70  7:15  Grooved Spines  
  70  7:35  Overlord  
  70  7:37  Overlord  
  70  7:41  Overlord  
  70  7:43  Overlord  
  70  7:45  Hydralisk x6  
  70  7:46  Hydralisk x3  
  88  7:56  Pneumatized Carapace  
  88  8:01  Infestation Pit  
  87  8:08  Roach  
  87  8:09  Roach x8  
  105  8:26  Muscular Augments  
  105  8:33  Hatchery  
  104  8:36  Roach  
  104  8:37  Roach x12  
  130  8:44  Hydralisk  
  130  8:45  Hydralisk x3  
  138  9:07  Overlord  
  138  9:08  Overlord x8  
  138  9:45  Drone x2  
  140  9:46  Drone  
  140  9:47  Drone x4  
  140  9:49  Hydralisk x3  
  140  9:50  Hydralisk x7  
  165  9:54  Queen  
  167  10:25  Roach x14  
  167  10:26  Roach x2  
  167  10:27  Zergling x2  
  200  10:31  Hive  
  200  10:36  Spire x2  
  198  10:50  Overlord  
  198  10:52  Overlord  
  198  10:54  Overlord  
  198  10:56  Overlord  
  198  10:59  Overlord  
  198  11:20  Drone x2  
  200  11:48  Extractor  
  200  11:52  Extractor  
  198  12:05  Overlord  
  198  12:06  Overlord  
  198  12:34  Zerg Flyer Armor Level 1, Greater Spire  
  198  12:39  Zerg Ground Armor Level 2  
  105  13:13  Corruptor x11  
  105  13:14  Corruptor x5  
  111  13:31  Roach x2  
  111  13:32  Roach x25  
  138  13:52  Brood Lord x6  
  138  13:53  Brood Lord  
  93  14:13  Brood Lord x2  
  93  14:14  Brood Lord  
  54  15:35  Zergling x12  
  52  16:17  Swarm Host x2  
Tags
 
Add a new tag
Caveats
  • Supply blocks, unpowered buildings, or Contaminate may cause inaccurate times.
  • Supply counts are checked every 10 seconds.